 Dungeon Crawl Stone Soup version 0.23.0-3-gf3c87f2 (webtiles) character file.

Game seed: 18120837659597126921

1630761 Nr616 the Slayer (level 25, 247/247 (253) HPs)
             Began as a Minotaur Gladiator on Feb 22, 2019.
             Was the Champion of Okawaru.
             Escaped with the Orb
             ... and 3 runes!
             The game lasted 04:27:44 (70738 turns).

Nr616 the Slayer (Minotaur Gladiator)              Turns: 70738, Time: 04:27:44

HP:   247/247 (253) AC: 52    Str: 30    XL:     25   Next: 77%
MP:   24/24         EV: 22    Int:  6    God:    Okawaru [******]
Gold: 3269          SH: 23    Dex: 16    Spells: 24/24 levels left

rFire    + + +     SeeInvis +   a - +18 lance "Wyrmbane" {slay drac, rPois rF+ rC+ AC+3}
rCold    + + .     Gourm    .   I - +1 shield of Tacleung {rF++ rCorr Dex-5 Slay+2}
rNeg     + . .     Faith    .   J - +7 gold dragon scales
rPois    +         Spirit   .   d - +2 hat {SInv}
rElec    .         Reflect  .   m - +2 cloak {MR+}
rCorr    +         Harm     .   X - +2 pair of gloves {Str+3}
MR       +++++     Clarity  +   T - +2 pair of boots {Fly}
Stlth    ..........             e - amulet of the Four Winds {rN+ MR+++ Clar}
HPRegen  0.51/turn              G - ring of Lahet {Str+2 Dex+4 SInv}
MPRegen  0.19/turn              k - +4 ring of evasion

@: flying
A: retaliatory headbutt, horns 2, large bone plates 1, molten scales 1, slimy
green scales 1, low mp 1, no potion heal 1, MP-powered wands
0: Orb of Zot
}: 3/15 runes: decaying, slimy, gossamer
a: Heroism, Finesse, Renounce Religion, Stop Flying


You escaped.
You worshipped Okawaru.
Okawaru was exalted by your worship.
You were not hungry.

You visited 10 branches of the dungeon, and saw 51 of its levels.
You visited 1 bazaar.

You collected 5994 gold pieces.
You spent 2725 gold pieces at shops.

Inventory:

Hand Weapons
 a - the +18 lance "Wyrmbane" (weapon) {slay drac, rPois rF+ rC+ AC+3}
   (You found it on level 4 of the Spider Nest)

   It affects your AC (+3).
   It protects you from fire.
   It protects you from cold.
   It protects you from poison.
 b - a +6 hand crossbow of freezing
Missiles
 s - a throwing net (quivered)
 N - 1329 bolts
Armour
 c - the +5 plate armour "Vobej" {rN+}
   (You found it on level 5 of the Pits of Slime)

   It protects you from negative energy.
 d - a +2 hat of see invisible (worn)
 m - a +2 cloak of magic resistance (worn)
 p - the +2 plate armour "Fiogg" {+Fly rElec}
   (You bought it in a shop on level 2 of the Orcish Mines)

   It insulates you from electricity.
   It lets you fly.
 H - a scarf of repulsion
 I - the +1 shield of Tacleung (worn) {rF++ rCorr Dex-5 Slay+2}
   (You bought it in a shop in a bazaar)

   It affects your dexterity (-5).
   It affects your accuracy and damage with ranged weapons and melee attacks
   (+2).
   It greatly protects you from fire.
   It provides partial protection from all sources of acid and corrosion.
 J - +7 gold dragon scales (worn)
 T - a +2 pair of boots of flying (worn)
 X - a +2 pair of gloves of strength (worn)
Jewellery
 e - the amulet of the Four Winds (around neck) {rN+ MR+++ Clar}
   (You bought it in a shop in a bazaar)

   [amulet of nothing]

   It protects you from negative energy.
   It affects your resistance to hostile enchantments.
   It protects you against confusion.
 k - a +4 ring of evasion (right hand)
 G - the ring of Lahet (left hand) {Str+2 Dex+4 SInv}
   (You found it on level 6 of the Lair of Beasts)

   [ring of see invisible]

   It affects your strength (+2).
   It affects your dexterity (+4).
   It lets you see invisible.
Wands
 r - a wand of disintegration (13)
 t - a wand of polymorph (21)
 x - a wand of iceblast (19)
 B - a wand of digging (3)
 C - a wand of paralysis (17)
 E - a wand of scattershot (3)
 R - a wand of clouds (4)
 S - a wand of acid (26)
 U - a wand of flame (31)
Scrolls
 g - 8 scrolls of fog
 n - 2 scrolls of magic mapping
 q - 21 scrolls of remove curse
 v - 11 scrolls of teleportation
 y - 3 scrolls of brand weapon
 D - 3 scrolls of enchant weapon
 F - 9 scrolls of identify
 Q - 3 scrolls of blinking
 V - 3 scrolls of fear
 Y - 7 scrolls of amnesia
Potions
 h - a potion of berserk rage
 i - 3 potions of brilliance
 l - 11 potions of curing
 o - 5 potions of resistance
 u - 3 potions of haste
 w - 4 potions of heal wounds
 z - 4 potions of mutation
 A - 12 potions of ambrosia
 K - 2 potions of invisibility
 L - 8 potions of lignification
 M - 8 potions of agility
 O - 3 potions of might
 W - 3 potions of cancellation
Comestibles
 f - 85 rations


   Skills:
 + Level 25.8 Fighting
 - Level 24.4 Polearms
 - Level 10.0 Crossbows
 - Level 2.0 Throwing
 + Level 23.2 Armour
 + Level 17.5 Dodging
 - Level 22.0 Shields
 - Level 7.0 Invocations


You had 24 spell levels left.
You didn't know any spells.
Your spell library contained the following spells:

 Spells                   Type           Power        Failure   Level  Hunger
 Animate Skeleton         Necr           N/A          98%         1    ##.....
 Apportation              Tloc           #.....       98%         1    ##.....
 Confusing Touch          Hex            #.....       98%         1    ##.....
 Corona                   Hex            #......      98%         1    ##.....
 Freeze                   Ice            #...         98%         1    ##.....
 Infusion                 Chrm           #...         98%         1    ##.....
 Pain                     Necr           #...         98%         1    ##.....
 Sting                    Conj/Pois      #...         98%         1    ##.....
 Summon Small Mammal      Summ           #...         98%         1    ##.....
 Call Imp                 Summ           #.......     99%         2    ###....
 Corpse Rot               Necr           N/A          99%         2    ###....
 Ensorcelled Hibernation  Hex/Ice        #.....       99%         2    ###....
 Poisonous Vapours        Pois/Air       #.....       99%         2    ###....
 Shroud of Golubria       Chrm/Tloc      #.........   99%         2    ###....
 Song of Slaying          Chrm           #.......     99%         2    ###....
 Sublimation of Blood     Necr           #.........   99%         2    ###....
 Swiftness                Chrm/Air       #.......     99%         2    ###....
 Throw Frost              Conj/Ice       #.....       99%         2    ###....
 Call Canine Familiar     Summ           #.......     100%        3    ####...
 Confuse                  Hex            #.......     100%        3    ####...
 Dazzling Spray           Conj/Hex       #.....       100%        3    ####...
 Gell's Gravitas          Tloc           #.........   100%        3    ####...
 Ignite Poison            Fire/Tmut/Pois #.......     100%        3    ####...
 Mephitic Cloud           Conj/Pois/Air  #.......     100%        3    ####...
 Ozocubu's Armour         Chrm/Ice       #.......     100%        3    ####...
 Regeneration             Chrm/Necr      #.........   100%        3    ####...
 Spectral Weapon          Hex/Chrm       #.......     100%        3    ####...
 Static Discharge         Conj/Air       #.......     100%        3    ####...
 Summon Guardian Golem    Hex/Summ       #.......     100%        3    ####...
 Tukima's Dance           Hex            #.......     100%        3    ####...
 Vampiric Draining        Necr           #.........   100%        3    ####...
 Airstrike                Air            #.........   100%        4    #####..
 Animate Dead             Necr           N/A          100%        4    #####..
 Cause Fear               Hex            #.........   100%        4    #####..
 Olgreb's Toxic Radiance  Pois           #.......     100%        4    #####..
 Petrify                  Tmut/Erth      #.......     100%        4    #####..
 Summon Ice Beast         Ice/Summ       #.......     100%        4    #####..
 Summon Lightning Spire   Summ/Air       #.......     100%        4    #####..
 Throw Icicle             Conj/Ice       #.......     100%        4    #####..
 Agony                    Necr           #.......     100%        5    ######.
 Alistair's Intoxication  Tmut/Pois      #.......     100%        5    ######.
 Bolt of Draining         Conj/Necr      #.........   100%        5    ######.
 Bolt of Magma            Conj/Fire/Erth #.........   100%        5    ######.
 Borgnjor's Vile Clutch   Necr/Erth      #.........   100%        5    ######.
 Dispel Undead            Necr           #.......     100%        5    ######.
 Excruciating Wounds      Chrm/Necr      #.........   100%        5    ######.
 Irradiate                Conj/Tmut      #.........   100%        5    ######.
 Iskenderun's Battlesphe  Conj/Chrm      #.......     100%        5    ######.
 Lightning Bolt           Conj/Air       #.........   100%        5    ######.
 Metabolic Englaciation   Hex/Ice        #.........   100%        5    ######.
 Silence                  Hex/Air        #.........   100%        5    ######.
 Venom Bolt               Conj/Pois      #.........   100%        5    ######.
 Yara's Violent Unravell  Hex/Tmut       #.........   100%        5    ######.
 Darkness                 Hex            #.........   100%        6    #######
 Deflect Missiles         Chrm/Air       #.........   100%        6    #######
 Iron Shot                Conj/Erth      #.........   100%        6    #######
 Poison Arrow             Conj/Pois      #.........   100%        6    #######
 Shadow Creatures         Summ           N/A          100%        6    #######
 Orb of Destruction       Conj           #.........   100%        7    #######
 Spellforged Servitor     Conj/Summ      #.........   100%        7    #######
 Chain Lightning          Conj/Air       #.........   100%        8    #######
 Discord                  Hex            #.........   100%        8    #######
 Ignition                 Fire           #.........   100%        8    #######
 Lehudib's Crystal Spear  Conj/Erth      #.........   100%        8    #######
 Fire Storm               Conj/Fire      #.........   100%        9    #######
 Glaciate                 Conj/Ice       #.........   100%        9    #######
 Shatter                  Erth           #.........   100%        9    #######
 Tornado                  Air            #.........   100%        9    #######


Dungeon Overview and Level Annotations

Branches:
Dungeon (15/15)            Temple (1/1) D:4            Lair (6/6) D:11
  Swamp (4/4) Lair:2       Spider (4/4) Lair:2        Slime (5/5) Lair:6
    Orc (2/2) D:11            Elf (0/3) Orc:2        Vaults (4/5) D:13
  Crypt (0/3) Vaults:2     Depths (5/5) D:15            Zot (5/5) Depths:5

Altars:
Ashenzari
Cheibriados
Dithmenos
Elyvilon
Fedhas
Gozag
Hepliaklqana
Kikubaaqudgha
Makhleb
Nemelex Xobeh
Okawaru
Qazlal
Ru
Sif Muna
Trog
Uskayaw
Vehumet
Wu Jian
Xom
Yredelemnul
Zin
The Shining One
Beogh
Jiyva

Shops:
D:12 (   Orc:2 ?[*?   Vaults:2 %

Portals:
Hell: Depths:1 Depths:2 Depths:3 Depths:4 Depths:5
Abyss: Depths:4
Pandemonium: Depths:3
Ziggurat: Depths:4

Annotations:
D:8 Prince Ribbit
D:10 2 transporters
D:15 1 runed translucent door, zkyp's ghost, journeyman DgAr
Lair:1 exclusion: 2 oklob plants
Lair:2 exclusion: ice statue
Lair:5 2 transporters, vogonpoet's ghost, journeyman HOAE
Swamp:4 2 runed translucent doors, DavidChitty2's ghost, adept HOFi
Vaults:3 1 runed translucent door, Switch's ghost, veteran DDFi


Innate Abilities, Weirdness & Mutations

You reflexively headbutt those who attack you in melee.
You have a pair of horns on your head.
You are partially covered in large bone plates. (SH +4)
You are partially covered in molten scales. (AC +2)
You are partially covered in slimy green scales. (AC +2)
Your magical capacity is low. (-10% MP)
Potions are less effective at restoring your health.
You expend magic power (3 MP) to strengthen your wands.


Message History

You hit the Orb Guardian.
The Orb Guardian is heavily wounded.
You block the Orb Guardian's attack.
You hit the Orb Guardian but do no damage.
You headbutt the Orb Guardian.
The Orb Guardian is severely wounded.
The Orb Guardian misses you. You furiously retaliate!
You headbutt the Orb Guardian! You impale the Orb Guardian!!
You kill the Orb Guardian!
Okawaru accepts your kill.
There is a stone staircase leading up here.
You fly upwards.
There is a stone staircase leading down here.
A hellephant comes into view.
The hellephant trumpets!
The hellephant blinks!
There is an open door here.
There is a staircase leading out of the dungeon here.
You have escaped!

.............#.###.##.## #....#..
#..............###..#.####.##....
#.###.......##...................
#.#..............##...#.......#..
....#............................
..###..#####..#####.##..#........
..#...(#...#..#...#.##.......####
..#.#.##...#..#...#.......##.#
....#.##...'..'.@.#....##.##.#
.####.##...#..#...#..#.......# .#
#..##...####...#..##......# .#
#.####'######'##.(##.....## .#
#......##..##Y............##
.###.#.................#......##
..##.##...##..##....####....#..##
#....####'######+##.# #.....#...
###..# #...####...#.# #.....####


You could see a hellephant.

Vanquished Creatures
  the Royal Jelly (Slime:5)
  2 ancient liches
  Mara (Vaults:2)
  3 orbs of fire
  Sojobo (Vaults:4)
  Boris (5 times) (Vaults:2 Vaults:3 Depths:2 Depths:3 Depths:5)
  5 Killer Klowns (Zot:5)
  Frederick (Vaults:4)
  Saint Roka (Depths:5)
  the Lernaean hydra (Swamp:4)
  6 caustic shrikes
  Xtahua (Depths:5)
  8 golden dragons
  2 bone dragons (Zot:1)
  An electric golem (Zot:5)
  4 liches
  9 tentacled monstrosities
  23 Orb Guardians
  2 titans (Depths:2)
  4 quicksilver dragons
  Asterion (Vaults:2)
  4 sphinxes
  Gastronok (Lair:2)
  18 acid blobs
  A thorn hunter (Swamp:4)
  12 death cobs
  11 storm dragons
  Kirke (Spider:3)
  4 draconian monks
  7 tengu reavers
  Agnes (D:15)
  8 shadow dragons
  4 azure jellies
  4 fire giants
  2 frost giants
  An iron dragon (Depths:2)
  3 draconian knights (Zot:4)
  A draconian scorcher (Zot:5)
  6 emperor scorpions
  4 deep elf sorcerers
  An orc warlord (Orc:1)
  8 vault wardens
  5 ghost moths
  A spriggan defender (Depths:2)
  10 ironheart preservers
  2 war gargoyles (Vaults:4)
  3 very ugly things
  2 draconian annihilators
  2 entropy weavers
  4 black draconians
  4 vampire knights (Depths:2)
  A deep elf demonologist (Depths:4)
  2 green draconians (Zot:4)
  6 white draconians
  11 purple draconians
  3 yellow draconians
  6 stone giants
  6 red draconians
  8 spark wasps
  A spark wasp (shapeshifter) (Depths:3)
  A merfolk javelineer (Depths:4)
  Snorg (D:10)
  A deep elf death mage (Vaults:4)
  7 death oozes
  A jiangshi (Depths:2)
  A crystal guardian (Vaults:4)
  2 green deaths
  A merfolk impaler (Depths:3)
  A blizzard demon (D:7)
  11 ettins
  Fannar (Lair:1)
  12 yaktaur captains
  Josephine (Lair:4)
  10 fire dragons
  Harold (D:7)
  4 deep elf high priests
  An ice dragon (shapeshifter) (Depths:2)
  14 ice dragons
  4 vault guards
  18 great orbs of eyes
  2 shambling mangroves
  4 spriggan air magi
  11 centaur warriors
  26 hydras
  3 ghost crabs
  5 ogre magi
  8 rakshasas
  A catoblepas (Lair:6)
  5 death knights
  16 alligators
  10 deep troll shamans
  17 two-headed ogres
  8 death scarabs (Spider:4)
  A two-headed ogre (shapeshifter) (Depths:2)
  3 vampire magi
  8 tengu warriors
  6 orc high priests
  7 deep troll earth magi
  3 spriggan berserkers
  2 dancing weapons (Vaults:3)
  4 soul eaters (Zot:1)
  A hell knight (Depths:2)
  A sun demon (Zot:3)
  Nergalle (Lair:1)
  3 spriggans
  6 deep elf knights
  Sonja (D:10)
  A spectral emperor scorpion (Spider:4)
  5 shadow wraiths
  6 iron trolls (Depths:5)
  A death drake (shapeshifter) (Depths:4)
  A cherub (D:7)
  2 swamp dragons (shapeshifter)
  4 glowing orange brains
  2 death drakes (Zot:1)
  A skeletal warrior (Vaults:1)
  29 deep trolls
  2 spriggan druids
  4 unseen horrors
  13 swamp dragons
  4 deep elf archers
  A deep troll (shapeshifter) (Vaults:3)
  4 flayed ghosts
  3 wolf spider zombies
  A tengu zombie (Depths:1)
  4 necromancers
  A harpy (shapeshifter) (Depths:2)
  19 deep elf magi
  18 orb spiders
  8 ironbrand convokers
  16 orc knights
  3 phantasmal warriors
  3 orc sorcerers
  4 spectral wolf spiders (Spider:4)
  9 wizards
  6 shining eyes
  38 wolf spiders
  A cyclops (shapeshifter) (Depths:3)
  39 ugly things
  A stone giant skeleton (Depths:1)
  16 moths of wrath
  A salamander (shapeshifter) (Depths:4)
  2 manticores
  4 elephants (Lair:6)
  8 cyclopes
  A fire giant zombie (Depths:1)
  Maurice (D:10)
  A draconian skeleton (Zot:1)
  6 black mambas
  5 centaur zombies
  2 torpor snails
  A guardian serpent (Lair:6)
  2 naga magi (D:15)
  Psyche (D:8)
  15 vault sentinels
  5 eyes of devastation
  A gargoyle (D:13)
  2 rime drakes (shapeshifter) (Depths:2)
  2 spectral redbacks (Spider:4)
  An efreet (D:13)
  2 kobold demonologists
  32 spiny frogs
  5 spectral swamp worms (Depths:3)
  A komodo dragon (shapeshifter) (Depths:2)
  2 rime drakes
  7 komodo dragons
  2 redback zombies
  13 demonic crawlers
  7 freezing wraiths
  A guardian mummy (Zot:1)
  A yaktaur (shapeshifter) (Vaults:4)
  44 yaktaurs
  3 ice devils
  2 tengu conjurers
  37 jumping spiders
  A jumping spider (shapeshifter) (Vaults:2)
  6 trolls
  17 polar bears
  A meliai (shapeshifter) (Vaults:4)
  5 spectral jumping spiders (Spider:4)
  2 jumping spider zombies (Spider:4)
  102 slime creatures
  3 raiju (Lair:6)
  9 tyrant leeches
  A wind drake (shapeshifter) (Depths:2)
  30 hornets
  A raiju (shapeshifter) (Vaults:4)
  4 spectral tarantellas (Spider:4)
  14 blink frogs (Lair:3)
  A meliai zombie (D:13)
  6 bog bodies
  A deep troll zombie (Depths:1)
  A hippogriff (shapeshifter) (Depths:2)
  A blink frog (shapeshifter) (Vaults:2)
  75 redbacks
  35 yaks
  39 tarantellas
  5 hippogriffs
  3 shadows
  12 wyverns
  A tarantella (shapeshifter) (Depths:2)
  2 vampires (D:12)
  6 wraiths
  2 centaur simulacra
  A hog (shapeshifter) (Depths:2)
  9 water elementals
  2 basilisks
  2 golden eyes (shapeshifter)
  Grum (Lair:1)
  A neqoxec (D:15)
  2 hungry ghosts
  23 vampire mosquitoes
  Edmund (D:5)
  9 wargs
  2 insubstantial wisps (Swamp:2)
  2 soldier ants (shapeshifter)
  18 swamp worms
  A soldier ant (D:12)
  An acid dragon (Vaults:1)
  A floating eye (Depths:3)
  16 hell hounds
  Duvessa (D:5)
  3 spectral hornets (Spider:4)
  23 water moccasins
  38 orc warriors
  7 porcupines
  2 sky beasts
  4 hornet zombies
  10 eyes of draining
  14 swamp drakes
  4 phantoms
  12 black bears
  A necrophage (D:7)
  25 wolves
  9 ice beasts
  25 ogres
  10 boggarts
  13 centaurs
  10 crocodiles
  6 big kobolds
  Blork the orc (D:5)
  15 bullfrogs
  A gnoll sergeant (D:8)
  Dowan (D:5)
  A hornet simulacrum (D:15)
  6 scorpions
  9 killer bees
  4 wights (D:10)
  3 electric eels (D:7)
  8 crimson imps
  2 quasits
  32 orc priests
  3 bullfrog skeletons
  8 hounds
  6 jellies
  5 centaur skeletons
  An iguana (shapeshifter) (Depths:2)
  9 iguanas
  14 worker ants
  Natasha (thrice) (D:3)
  19 orc wizards
  A killer bee zombie (D:8)
  A hound zombie (D:7)
  2 hound skeletons
  A worker ant zombie (D:5)
  12 gnolls
  15 adders
  4 shadow imps
  4 white imps
  7 oozes
  3 adder zombies
  5 worms
  5 dart slugs
  2 leopard geckos
  109 orcs
  5 bats
  8 giant cockroaches
  2 goblins (D:2)
  5 hobgoblins
  10 jackals
  25 kobolds
  5 quokkas
  2 frilled lizards
  2 leopard gecko skeletons
  A leopard gecko zombie (D:5)
  5 rats
  3 rat zombies (D:3)
  A spectral orc (D:2)
  A fungus (Lair:6)
  A plant (Lair:6)
2100 creatures vanquished.

Vanquished Creatures (others)
  A draconian annihilator (Zot:4)
  A deep elf knight (Vaults:2)
  An orc sorcerer (D:15)
  A yaktaur (Vaults:1)
  2 humans (Spider:4)
  An insubstantial wisp (Swamp:2)
  A swamp worm (Swamp:2)
  A howler monkey (D:13)
  An orc wizard (D:4)
  A jackal (D:7)
  14 fungi
  36 plants
61 creatures vanquished.

Grand Total: 2161 creatures vanquished

Notes
Turn   | Place    | Note
-------+----------+-------------------------------------------
     0 | D:1      | Nr616 the Minotaur Gladiator began the quest for the Orb.
     0 | D:1      | Reached XP level 1. HP: 18/18 MP: 0/0
   143 | D:1      | Reached XP level 2. HP: 25/25 MP: 1/1
   527 | D:2      | Reached skill level 5 in Polearms
   533 | D:2      | Reached XP level 3. HP: 29/30 MP: 2/2
  1006 | D:2      | Reached XP level 4. HP: 30/37 MP: 3/3
  1200 | D:2      | Found a basalt altar of Yredelemnul.
  1564 | D:3      | Reached XP level 5. HP: 24/42 MP: 4/4
  1874 | D:3      | Found an ancient bone altar of Kikubaaqudgha.
  2113 | D:3      | Noticed Natasha
  2120 | D:3      | Killed Natasha
  2445 | D:3      | Noticed Natasha
  2462 | D:3      | Killed Natasha
  2647 | D:3      | Reached XP level 6. HP: 23/50 MP: 5/5
  2858 | D:4      | Found a stormy altar of Qazlal.
  2858 | D:4      | Found a blossoming altar of Fedhas.
  2991 | D:3      | Noticed Natasha
  3387 | D:3      | Killed Natasha
  3934 | D:4      | Found an ornate altar of the Wu Jian Council.
  3951 | D:4      | Found a staircase to the Ecumenical Temple.
  3962 | Temple   | Entered the Ecumenical Temple
  4009 | Temple   | Became a worshipper of Warmaster Okawaru
  4094 | D:4      | Reached XP level 7. HP: 49/56 MP: 6/6
  4307 | D:4      | Found a bloodstained altar of Trog.
  4307 | D:4      | Found a faded altar of an unknown god.
  4312 | D:4      | Found a faded altar of an unknown god.
  4314 | D:4      | Found a snail-covered altar of Cheibriados.
  4316 | D:4      | Found a hazy altar of Hepliaklqana.
  4438 | D:5      | Entered Level 5 of the Dungeon
  4504 | D:5      | Reached skill level 10 in Polearms
  4943 | D:5      | Noticed Blork the orc
  4949 | D:5      | Killed Blork the orc
  4979 | D:5      | Noticed Edmund
  4997 | D:5      | Killed Edmund
  4997 | D:5      | Reached * piety under Okawaru
  5052 | D:5      | Found a sparkling altar of Nemelex Xobeh.
  5231 | D:5      | Reached XP level 8. HP: 62/62 MP: 7/7
  5359 | D:5      | Noticed Duvessa
  5360 | D:5      | Noticed Dowan
  5370 | D:5      | Killed Duvessa
  5387 | D:5      | Killed Dowan
  5904 | D:6      | Reached ** piety under Okawaru
  6038 | D:6      | Reached XP level 9. HP: 63/68 MP: 8/8
  6193 | D:6      | Found a white marble altar of Elyvilon.
  6198 | D:6      | Got a flickering amber ring
  6575 | D:7      | Reached skill level 1 in Armour
  6582 | D:7      | Reached skill level 3 in Fighting
  6883 | D:7      | Reached skill level 4 in Fighting
  7398 | D:7      | Noticed Harold
  7433 | D:7      | Killed Harold
  7433 | D:7      | Reached skill level 5 in Fighting
  7433 | D:7      | Reached skill level 5 in Dodging
  7511 | D:6      | Identified the ring "Iwkuul" {Str-5 Int+5 SInv} (You found
                  | it on level 6 of the Dungeon)
  7535 | D:7      | Reached skill level 5 in Armour
  7617 | D:7      | Found a hide-covered altar of Uskayaw.
  8034 | D:7      | Reached *** piety under Okawaru
  8400 | D:8      | Reached XP level 10. HP: 83/83 MP: 9/9
  8409 | D:8      | Reached skill level 6 in Fighting
  8699 | D:8      | Reached skill level 1 in Invocations
  8917 | D:8      | Found a shimmering altar of Xom.
  8919 | D:8      | Found an opulent altar of Gozag.
  8919 | D:8      | Found a bloodstained altar of Trog.
  8930 | D:8      | Found a hide-covered altar of Uskayaw.
  8930 | D:8      | Found a shimmering altar of Xom.
  8930 | D:8      | Found a shadowy altar of Dithmenos.
  9094 | D:8      | Noticed Psyche
  9111 | D:8      | Killed Psyche
  9111 | D:8      | Reached **** piety under Okawaru
  9440 | D:8      | Found a viscous altar of Jiyva.
  9543 | D:8      | Noticed Prince Ribbit
  9706 | D:9      | Reached skill level 7 in Fighting
 10343 | D:10     | Entered Level 10 of the Dungeon
 10375 | D:10     | Found a transporter.
 10377 | D:10     | Found a transporter.
 10377 | D:10     | Noticed an orc sorcerer
 10378 | D:10     | Noticed a cyclops
 10379 | D:10     | Noticed an orc high priest
 10381 | D:10     | Noticed a two-headed ogre
 10765 | D:10     | Noticed Sonja
 10777 | D:10     | Killed Sonja
 10777 | D:10     | Reached ***** piety under Okawaru
 10777 | D:10     | Reached skill level 8 in Fighting
 11039 | D:10     | Noticed Snorg
 11075 | D:10     | Killed Snorg
 11075 | D:10     | Received a gift from Okawaru
 11075 | D:10     | Reached XP level 11. HP: 29/95 MP: 6/13
 11359 | D:10     | Found a bloodstained altar of Trog.
 11492 | D:10     | Noticed Maurice
 11505 | D:10     | Killed Maurice
 11680 | D:11     | Found a staircase to the Orcish Mines.
 11700 | D:11     | Noticed an eight-headed hydra
 11708 | D:11     | Killed an eight-headed hydra
 11708 | D:11     | Reached skill level 5 in Invocations
 11779 | D:11     | Noticed a two-headed ogre
 11789 | D:11     | Killed a two-headed ogre
 11789 | D:11     | Reached skill level 9 in Fighting
 12282 | D:11     | Found a staircase to the Lair.
 12580 | Lair:1   | Entered Level 1 of the Lair of Beasts
 12580 | Lair:1   | Noticed Nergalle
 12591 | Lair:1   | Killed Nergalle
 12644 | Lair:1   | Noticed Grum
 12663 | Lair:1   | Killed Grum
 12890 | Lair:1   | Reached skill level 10 in Fighting
 12955 | Lair:1   | Received a gift from Okawaru
 12998 | Lair:1   | Noticed Fannar
 13023 | Lair:1   | Killed Fannar
 13023 | Lair:1   | Reached XP level 12. HP: 106/106 MP: 4/15
 13481 | Lair:2   | Noticed a seven-headed hydra
 13490 | Lair:2   | Killed a seven-headed hydra
 13490 | Lair:2   | Reached skill level 10 in Armour
 13542 | Lair:2   | Reached skill level 10 in Dodging
 13619 | Lair:2   | Noticed an eight-headed hydra
 13633 | Lair:2   | Killed an eight-headed hydra
 13758 | Lair:2   | Reached skill level 11 in Fighting
 13789 | Lair:2   | Received a gift from Okawaru
 13997 | Lair:2   | Found a hole to the Spider Nest.
 14012 | Lair:2   | Noticed Gastronok
 14038 | Lair:2   | Killed Gastronok
 14038 | Lair:2   | Reached ****** piety under Okawaru
 14038 | Lair:2   | Reached skill level 12 in Fighting
 14212 | Lair:2   | Noticed a six-headed hydra
 14224 | Lair:2   | Killed a six-headed hydra
 14519 | Lair:2   | Received a gift from Okawaru
 14658 | Lair:2   | Noticed a four-headed hydra
 14668 | Lair:2   | Killed a four-headed hydra
 14688 | Lair:2   | Found a staircase to the Swamp.
 14918 | Lair:3   | Reached XP level 13. HP: 77/119 MP: 17/17
 15547 | Lair:3   | Reached skill level 13 in Fighting
 16338 | Lair:4   | Noticed Josephine
 16344 | Lair:4   | Killed Josephine
 16471 | Lair:4   | Reached skill level 15 in Polearms
 17341 | Lair:5   | Identified the cursed +2 spear "Nuat" {venom, rElec Str-3
                  | SInv}
 17342 | Lair:5   | Found a bloodstained altar of Trog.
 17342 | Lair:5   | Identified the +6 spear "Demon's Peril" {antimagic, rF++
                  | rC+ Str+2}
 17345 | Lair:5   | Identified the +5 trident of Purpose {pierce, rPois Int+4
                  | Dex+2} (You found it on level 5 of the Lair of Beasts)
 17358 | Lair:5   | Noticed vogonpoet's ghost (journeyman HOAE)
 17366 | Lair:5   | Found a transporter.
 17904 | Lair:5   | Found a transporter.
 18133 | Lair:6   | Entered Level 6 of the Lair of Beasts
 18152 | Lair:6   | Received a gift from Okawaru
 18777 | Lair:6   | Received a gift from Okawaru
 18777 | Lair:6   | Reached skill level 14 in Fighting
 19024 | Lair:6   | Got a shimmering lead ring
 19108 | Lair:6   | Reached XP level 14. HP: 129/132 MP: 18/18
 19163 | Lair:6   | Received a gift from Okawaru
 19183 | Lair:6   | Identified the ring of Lahet {Str+2 Dex+4 SInv} (You found
                  | it on level 6 of the Lair of Beasts)
 19566 | Lair:6   | Identified the +8 bardiche of the People {chop, Dex+2} (You
                  | found it on level 6 of the Lair of Beasts)
 19818 | Lair:6   | Received a gift from Okawaru
 20430 | Lair:6   | Found a staircase to the Slime Pits.
 21208 | D:12     | Found Erhyth's Antique Weapon Shoppe.
 21210 | D:12     | Got a scorched garnet amulet
 21476 | D:12     | Found the +12 Vampire's Tooth {vamp}
 22068 | D:13     | Reached skill level 15 in Fighting
 22397 | D:13     | Found a gate to the Vaults.
 22650 | D:14     | Reached skill level 15 in Armour
 22888 | D:14     | Paralysed by a deep elf mage for 5 turns
 23166 | D:14     | Reached XP level 15. HP: 132/141 MP: 16/19
 23245 | D:14     | Received a gift from Okawaru
 23246 | D:14     | Identified the amulet "Pyfekuz" {rF++ Regen+} (You found it
                  | on level 12 of the Dungeon)
 23747 | D:15     | Entered Level 15 of the Dungeon
 23761 | D:15     | Found an opulent altar of Gozag.
 23979 | D:15     | Noticed Agnes
 24001 | D:15     | Killed Agnes
 24001 | D:15     | Received a gift from Okawaru
 24158 | D:15     | Got an ichor-stained chain mail
 24470 | D:15     | Found a runed translucent door.
 24470 | D:15     | Noticed zkyp's ghost (journeyman DgAr)
 24471 | D:15     | Found the +3 giant club "Skullcrusher" {speed, Str+7}
 24651 | D:15     | Found a shimmering altar of Xom.
 24770 | D:15     | Found a staircase to the Depths.
 24774 | D:15     | Identified the cursed +1 chain mail "Josoiqun" {*Drain
                  | rElec Dex+7} (You found it on level 15 of the Dungeon)
 24886 | Orc:1    | Entered Level 1 of the Orcish Mines
 25044 | Orc:1    | Reached skill level 16 in Fighting
 25101 | Orc:1    | Noticed an orc warlord
 25299 | Orc:1    | Killed an orc warlord
 25512 | Orc:2    | Entered Level 2 of the Orcish Mines
 25807 | Orc:2    | Found a staircase to the Elven Halls.
 25840 | Orc:2    | Found a roughly hewn altar of Beogh.
 26523 | Orc:2    | Received a gift from Okawaru
 26688 | Orc:2    | Found Qihupiu's Magic Scroll Boutique.
 26691 | Orc:2    | Found Wazeng's General Store.
 26692 | Orc:2    | Found Foasy's Magic Scroll Boutique.
 26693 | Orc:2    | Found Guges's Antique Armour Shop.
 26700 | Orc:2    | Bought a scroll of identify for 26 gold pieces
 26700 | Orc:2    | Bought a scroll of identify for 26 gold pieces
 26987 | Swamp:1  | Entered Level 1 of the Swamp
 27462 | Swamp:1  | Reached XP level 16. HP: 122/152 MP: 20/20
 27727 | Swamp:1  | You are sucked into a shaft!
 28062 | Swamp:2  | Reached skill level 17 in Fighting
 28184 | Swamp:2  | Received a gift from Okawaru
 29525 | Swamp:4  | Entered Level 4 of the Swamp
 29752 | Swamp:4  | Noticed a thorn hunter
 29862 | Swamp:4  | Killed a thorn hunter
 30142 | Swamp:4  | Found a large runed translucent door.
 30142 | Swamp:4  | Found a large runed translucent door.
 30143 | Swamp:4  | Noticed DavidChitty2's ghost (adept HOFi)
 30261 | Swamp:4  | Noticed the 27-headed Lernaean hydra
 30905 | Swamp:4  | Reached skill level 18 in Fighting
 30942 | Swamp:4  | Received a gift from Okawaru
 31293 | Swamp:4  | Reached XP level 17. HP: 163/163 MP: 21/21
 31375 | Swamp:4  | Killed the 27-headed Lernaean hydra
 31600 | Swamp:4  | Got a decaying rune of Zot
 31991 | Spider:1 | Entered Level 1 of the Spider Nest
 34634 | Spider:3 | Reached skill level 19 in Fighting
 34666 | Spider:2 | Received a gift from Okawaru
 37403 | Spider:4 | Entered Level 4 of the Spider Nest
 37412 | Spider:4 | Noticed Kirke
 37564 | Spider:3 | Killed Kirke
 37564 | Spider:3 | Reached XP level 18. HP: 170/176 MP: 20/22
 38413 | Spider:4 | Received a gift from Okawaru
 38934 | Spider:4 | Found the +8 lance "Wyrmbane" {slay drac, rPois rF+ rC+
                  | AC+3}
 39476 | Orc:2    | Bought a glowing buckler for 232 gold pieces
 40302 | Spider:4 | Reached skill level 1 in Shields
 40910 | Spider:4 | Received a gift from Okawaru
 41223 | Spider:4 | Received a gift from Okawaru
 41223 | Spider:4 | Reached skill level 20 in Fighting
 41568 | Spider:4 | Received a gift from Okawaru
 41571 | Spider:4 | Got slimy steam dragon scales {god gift}
 41579 | Spider:4 | Identified the +8 steam dragon scales of Prudence {rF+ MR+}
                  | (Okawaru gifted it to you on level 4 of the Spider Nest)
 41994 | Spider:4 | Got a gossamer rune of Zot
 42390 | Vaults:1 | Entered Level 1 of the Vaults
 42927 | Vaults:1 | Reached skill level 5 in Shields
 44575 | Vaults:2 | Noticed Mara
 44615 | Vaults:2 | Reached XP level 19. HP: 147/187 MP: 16/23
 44623 | Vaults:2 | Noticed Nr616's illusion
 45740 | Vaults:2 | Killed Mara
 45789 | Vaults:2 | Received a gift from Okawaru
 45887 | Vaults:2 | Noticed Boris
 45909 | Vaults:2 | Killed Boris
 46044 | Vaults:2 | Noticed Asterion
 46065 | Vaults:2 | Killed Asterion
 46354 | Vaults:2 | Reached skill level 10 in Shields
 46644 | Vaults:2 | Found Raek's Food Shoppe.
 47039 | Vaults:2 | Found a staircase to the Crypt.
 47212 | Vaults:3 | Received a gift from Okawaru
 47364 | Vaults:3 | Reached skill level 21 in Fighting
 47804 | Vaults:3 | Noticed Boris
 48755 | Vaults:3 | Found a runed translucent door.
 48755 | Vaults:3 | Noticed Switch's ghost (veteran DDFi)
 50143 | Vaults:3 | Killed Boris
 50513 | Vaults:4 | Found a flickering gateway to a bazaar.
 50526 | Bazaar   | Entered a bazaar
 50540 | Bazaar   | Found Ubran's Antique Armour Shoppe.
 50540 | Bazaar   | Found Yguesule's Book Emporium.
 50561 | Bazaar   | Found Tububeibu's Weapon Shoppe.
 50561 | Bazaar   | Found Atady's Jewellery Emporium.
 50582 | Bazaar   | Found Jiukab's General Store.
 50625 | Bazaar   | Bought the amulet of the Four Winds {rN+ MR+++ Clar} for
                  | 482 gold pieces
 50625 | Bazaar   | Found the amulet of the Four Winds {rN+ MR+++ Clar}
 50651 | Bazaar   | Bought a faintly humming chain mail for 180 gold pieces
 50651 | Bazaar   | Bought a brightly glowing ring mail for 171 gold pieces
 50651 | Bazaar   | Bought a translucent chain mail for 180 gold pieces
 50651 | Bazaar   | Bought a twisted shield for 180 gold pieces
 50680 | Bazaar   | Bought a potion of mutation for 80 gold pieces
 50680 | Bazaar   | Bought a scroll of brand weapon for 200 gold pieces
 50680 | Bazaar   | Bought a potion of resistance for 100 gold pieces
 50718 | Vaults:3 | Identified the +6 chain mail of the Tundras {Dex+2} (You
                  | bought it in a shop in a bazaar)
 50728 | Vaults:3 | Identified the +1 ring mail of Qitufext {-Tele rPois Dex+3}
                  | (You bought it in a shop in a bazaar)
 50738 | Vaults:3 | Identified the cursed +1 chain mail of Ytro {Regen+} (You
                  | bought it in a shop in a bazaar)
 50748 | Vaults:3 | Identified the +1 shield of Tacleung {rF++ rCorr Dex-5
                  | Slay+2} (You bought it in a shop in a bazaar)
 51220 | Orc:2    | Bought an ichor-stained plate armour for 868 gold pieces
 51230 | Orc:2    | Identified the +2 plate armour "Fiogg" {+Fly rElec} (You
                  | bought it in a shop on level 2 of the Orcish Mines)
 51575 | Vaults:4 | Noticed Sojobo
 51622 | Vaults:4 | Killed Sojobo
 51983 | Vaults:4 | Reached XP level 20. HP: 198/198 MP: 24/24
 52202 | Vaults:4 | Received a gift from Okawaru
 52203 | Vaults:4 | Found the +13 scythe of Curses {drain, *Curse}
 53015 | Vaults:4 | Noticed Frederick
 53032 | Vaults:4 | Killed Frederick
 53052 | Vaults:4 | Received a gift from Okawaru
 53537 | Vaults:4 | Reached skill level 1 in Crossbows
 53798 | Depths:1 | Entered Level 1 of the Depths
 54163 | D:15     | Received a gift from Okawaru
 54444 | Depths:1 | Received a gift from Okawaru
 55016 | Depths:1 | You are sucked into a shaft!
 55074 | Depths:2 | Paralysed by a floating eye for 4 turns
 55475 | Depths:2 | Reached XP level 21. HP: 180/206 MP: 25/25
 55539 | Depths:2 | Noticed a caustic shrike
 55545 | Depths:2 | Noticed a caustic shrike
 55547 | Depths:2 | Killed a caustic shrike
 55547 | Depths:2 | Received a gift from Okawaru
 55563 | Depths:2 | Killed a caustic shrike
 55563 | Depths:2 | Received a gift from Okawaru
 55563 | Depths:2 | Reached skill level 22 in Fighting
 55563 | Depths:2 | Reached skill level 15 in Shields
 55621 | Depths:2 | Reached skill level 5 in Crossbows
 55871 | Depths:2 | Noticed Boris
 55891 | Depths:2 | Killed Boris
 56374 | Depths:1 | Found a gateway to Hell.
 56431 | Depths:1 | Identified the Almanac of Lightness
 56612 | Depths:2 | Identified the amulet "Amofu" {Harm *Drain MR+ Int+3}
 56897 | Depths:2 | Found the +2 ratskin cloak {+Rats rPois rN+ Str-1 Int-1
                  | Dex+1}
 57645 | Depths:2 | Received a gift from Okawaru
 58028 | Depths:2 | Identified the +3 arbalest "Embalmer" {penet, Int+4} (You
                  | found it on level 2 of the Depths)
 58103 | Depths:3 | Found a one-way gate leading to the halls of Pandemonium.
 58801 | Depths:3 | Reached XP level 22. HP: 217/217 MP: 26/26
 58861 | Depths:3 | Reached skill level 23 in Fighting
 58880 | Depths:3 | Reached skill level 10 in Crossbows
 59136 | Depths:4 | Noticed Boris
 59232 | Depths:3 | Killed Boris
 59506 | Depths:4 | Found a gateway to a ziggurat.
 59559 | Depths:4 | Received a gift from Okawaru
 59929 | Depths:4 | Noticed a caustic shrike
 59949 | Depths:4 | Killed a caustic shrike
 59949 | Depths:4 | Received a gift from Okawaru
 60105 | Depths:4 | Noticed a golden dragon
 60120 | Depths:4 | Killed a golden dragon
 60298 | Depths:4 | Found a one-way gate to the infinite horrors of the Abyss.
 60348 | Depths:5 | Entered Level 5 of the Depths
 60401 | Depths:5 | Noticed Saint Roka
 60420 | Depths:5 | Killed Saint Roka
 60536 | Depths:5 | Noticed a golden dragon
 60549 | Depths:5 | Killed a golden dragon
 60675 | Depths:5 | Found a gate to the Realm of Zot.
 60710 | Depths:5 | Noticed Boris
 60726 | Depths:5 | Killed Boris
 61081 | Depths:5 | Noticed Xtahua
 61095 | Depths:5 | Killed Xtahua
 61190 | Depths:5 | Received a gift from Okawaru
 61273 | Depths:5 | Noticed a caustic shrike
 61273 | Depths:5 | Noticed a caustic shrike
 61274 | Depths:5 | Noticed a caustic shrike
 61285 | Depths:5 | Killed a caustic shrike
 61289 | Depths:5 | Killed a caustic shrike
 61289 | Depths:5 | Reached XP level 23. HP: 193/229 MP: 21/27
 61296 | Depths:5 | Killed a caustic shrike
 61913 | Depths:5 | Reached skill level 24 in Fighting
 62530 | Slime:1  | Entered Level 1 of the Pits of Slime
 62575 | Slime:1  | Received a gift from Okawaru
 62687 | Slime:3  | Gained mutation: Armour fits poorly on your strangely
                  | shaped body. [a shining eye]
 62695 | Slime:3  | Gained mutation: Your body sometimes deteriorates upon
                  | taking damage. [a shining eye]
 62697 | Slime:3  | Gained mutation: You are occasionally teleported next to
                  | monsters. [a shining eye]
 62698 | Slime:3  | Gained mutation: You occasionally shout uncontrollably at
                  | your foes. [a shining eye]
 62718 | Slime:3  | Lost mutation: You occasionally shout uncontrollably at
                  | your foes. [potion of mutation]
 62718 | Slime:3  | Lost mutation: Armour fits poorly on your strangely shaped
                  | body. [potion of mutation]
 62718 | Slime:3  | Lost mutation: Your body sometimes deteriorates upon taking
                  | damage. [potion of mutation]
 62718 | Slime:3  | Lost mutation: You are occasionally teleported next to
                  | monsters. [potion of mutation]
 62718 | Slime:3  | Gained mutation: Armour fits poorly on your strangely
                  | shaped body. [potion of mutation]
 62718 | Slime:3  | Gained mutation: You are weak. (Str -2) [potion of
                  | mutation]
 62718 | Slime:3  | Gained mutation: You are partially covered in large bone
                  | plates. (SH +4) [potion of mutation]
 62718 | Slime:3  | Gained mutation: You are partially covered in slimy green
                  | scales. (AC +2) [potion of mutation]
 63049 | Slime:5  | Entered Level 5 of the Pits of Slime
 63074 | Slime:5  | Gained mutation: You are partially covered in molten
                  | scales. (AC +2) [a shining eye]
 63075 | Slime:5  | Gained mutation: You are very weak. (Str -4) [a shining
                  | eye]
 63180 | Slime:5  | Found a viscous altar of Jiyva.
 63183 | Slime:5  | Noticed the Royal Jelly
 63211 | Slime:5  | Killed the Royal Jelly
 64139 | Slime:5  | Gained mutation: Scrolls take you a little longer to read.
                  | [a shining eye]
 64142 | Slime:5  | Received a gift from Okawaru
 64287 | Slime:5  | Received a gift from Okawaru
 64350 | Slime:5  | Got a slimy rune of Zot
 64417 | Slime:5  | Identified the +5 plate armour "Vobej" {rN+} (You found it
                  | on level 5 of the Pits of Slime)
 64890 | Slime:5  | Gained mutation: Potions are less effective at restoring
                  | your health. [a shining eye]
 64983 | Lair:6   | Lost mutation: You are very weak. (Str -4) [potion of
                  | mutation]
 64983 | Lair:6   | Lost mutation: You are weak. (Str -2) [potion of mutation]
 64983 | Lair:6   | Lost mutation: Armour fits poorly on your strangely shaped
                  | body. [potion of mutation]
 64983 | Lair:6   | Lost mutation: Scrolls take you a little longer to read.
                  | [potion of mutation]
 64983 | Lair:6   | Gained mutation: You expend magic power (3 MP) to
                  | strengthen your wands. [potion of mutation]
 65405 | Zot:1    | Entered Level 1 of the Realm of Zot
 65428 | Zot:1    | Reached skill level 15 in Dodging
 65619 | Zot:1    | Noticed an ancient lich
 65643 | Zot:1    | Killed an ancient lich
 66281 | Zot:2    | Reached XP level 24. HP: 184/233 MP: 27/27
 66673 | Zot:4    | Received a gift from Okawaru
 67024 | Zot:4    | Noticed an orb of fire
 67036 | Zot:4    | Killed an orb of fire
 67747 | Zot:5    | Entered Level 5 of the Realm of Zot
 67862 | Zot:5    | Reached skill level 25 in Fighting
 67892 | Zot:5    | Received a gift from Okawaru
 68130 | Zot:5    | Received a gift from Okawaru
 69058 | Zot:5    | Noticed an ancient lich
 69084 | Zot:5    | Killed an ancient lich
 69084 | Zot:5    | Reached XP level 25. HP: 202/244 MP: 27/27
 69221 | Zot:5    | Received a gift from Okawaru
 69238 | Zot:5    | Noticed a Killer Klown
 69257 | Zot:5    | Noticed a Killer Klown
 69259 | Zot:5    | Noticed a Killer Klown
 69259 | Zot:5    | Noticed a Killer Klown
 69263 | Zot:5    | Noticed a Killer Klown
 69263 | Zot:5    | Noticed an orb of fire
 69280 | Zot:5    | Killed an orb of fire
 69280 | Zot:5    | Received a gift from Okawaru
 69303 | Zot:5    | Killed a Killer Klown
 69303 | Zot:5    | Received a gift from Okawaru
 69315 | Zot:5    | Killed a Killer Klown
 69322 | Zot:5    | Killed a Killer Klown
 69342 | Zot:5    | Killed a Killer Klown
 69342 | Zot:5    | Received a gift from Okawaru
 69447 | Zot:5    | Noticed an orb of fire
 69449 | Zot:5    | Gained mutation: Your magical capacity is low. (-10% MP)
                  | [an orb of fire]
 69468 | Zot:5    | Killed an orb of fire
 69644 | Zot:5    | Killed a Killer Klown
 70033 | Zot:5    | Got the Orb of Zot
 70241 | Zot:1    | Noticed Xashriro the pandemonium lord
 70425 | D:13     | Noticed Rentip the pandemonium lord
 70503 | D:8      | Noticed Nanen the pandemonium lord
 70539 | D:7      | Received a gift from Okawaru
 70738 | D:$      | Escaped with the Orb!

Skill      XL: |  1  2  3  4  5  6  7  8  9 10 11 12 13 14 15 16 17 18 19 20 21 22 23 24 25 |
---------------+----------------------------------------------------------------------------+-----
Polearms       | 4 5 6 8 9 11 13 14 16 18 20 22 24 | 24.4
Armour         | 5 7 9 12 13 15 16 17 18 19 20 21 22 23 | 23.2
Fighting       | 5 8 10 12 14 15 16 18 19 20 21 22 23 24 25 | 25.8
Dodging        | 6 8 9 10 11 12 13 14 15 16 17 | 17.5
Invocations    | 4 6 7 |  7.0
Shields        | 7 11 14 15 16 18 20 22 | 22.0
Crossbows      | 4 9 10 | 10.0
Throwing       | |  2.0

Action                   |  1- 3 |  4- 6 |  7- 9 | 10-12 | 13-15 | 16-18 | 19-21 | 22-24 | 25-27 || total
-------------------------+-------+-------+-------+-------+-------+-------+-------+-------+-------++-------
Melee: Trident           |    92 |   195 |   393 |   905 |  1891 |  1538 |       |       |       ||  5014
       Headbutt          |     7 |    30 |    73 |   147 |   388 |   580 |   558 |   420 |    68 ||  2271
       Punch             |       |       |       |     3 |     3 |     3 |       |       |       ||     9
       Bardiche          |       |       |       |       |       |    21 |       |       |       ||    21
       Lance             |       |       |       |       |       |   782 |  2221 |  1533 |   314 ||  4850
 Fire: Hand crossbow     |       |       |       |       |       |       |    12 |    98 |       ||   110
Throw: Throwing net      |       |       |       |       |       |     1 |       |       |       ||     1
Invok: Heroism           |       |       |     2 |    12 |    11 |    12 |     8 |     3 |       ||    48
       Finesse           |       |       |       |     3 |     2 |     4 |     6 |     7 |     2 ||    24
Evoke: Wand              |       |       |       |     6 |       |       |       |       |       ||     6
  Use: Scroll            |       |       |     5 |    12 |    20 |    14 |     7 |    21 |     1 ||    80
       Potion            |       |       |       |       |       |     6 |     2 |     4 |       ||    12
 Stab: Paralysed         |       |       |       |     1 |       |       |       |       |       ||     1
       Confused          |       |       |       |     2 |       |     1 |       |       |       ||     3
       Distracted        |       |       |       |       |       |     2 |       |       |       ||     2
       Sleeping          |       |       |       |       |       |       |     1 |       |       ||     1
  Eat: Chunk             |       |    10 |    11 |    16 |    43 |    31 |    30 |    18 |     1 ||   160
       Ration            |       |       |     1 |     1 |       |     8 |     4 |     5 |     1 ||    20
Armor: Leather armour    |     2 |       |       |       |       |       |       |       |       ||     2
       Scale mail        |    23 |    16 |       |       |       |       |       |       |       ||    39
       Plate armour      |       |    52 |    75 |       |    44 |  1004 |   280 |   232 |       ||  1687
       Ring mail         |       |       |     7 |   123 |   247 |       |       |       |       ||   377
       Chain mail        |       |       |       |    11 |    51 |   153 |       |       |       ||   215
       Steam dragon scal |       |       |       |       |       |    60 |    59 |       |       ||   119
       Gold dragon scale |       |       |       |       |       |       |       |    43 |    46 ||    89
Dodge: Dodged            |    29 |    41 |    89 |   414 |  1002 |  1517 |   570 |   395 |    51 ||  4108
Block: Other             |       |       |       |       |       |   109 |       |       |       ||   109
       Buckler           |       |       |       |       |       |   282 |   134 |       |       ||   416
       Reflection        |       |       |       |       |       |    31 |     8 |       |       ||    39
       Shield            |       |       |       |       |       |       |   584 |   639 |   105 ||  1328
